 Dungeon Crawl Stone Soup version 0.26-a0-663-g36e8fdb655 (webtiles) character file.

Game seed: 15318893873871348485

184933 marklar909 the Tainter (level 19, -7/147 HPs)
             Began as a Formicid Venom Mage on Oct 12, 2020.
             Was the Champion of Fedhas.
             Mangled by a large abomination (17 damage)
             ... on level 3 of the Abyss on Oct 13, 2020.
             The game lasted 02:38:18 (50305 turns).

marklar909 the Tainter (Formicid Venom Mage)       Turns: 50305, Time: 02:38:19

Health: -7/147     AC: 27    Str: 16    XL:     19   Next: 12%
Magic:  11/22      EV: 11    Int: 16    God:    Fedhas [******]
Gold:   2712       SH: 17    Dex:  7    Spells: 11/37 levels left

rFire    . . .     SeeInvis +   s - +2 lajatang (elec)
rCold    + + .     Faith    .   q - +1 kite shield
rNeg     + . .     Spirit   .   H - +2 pearl dragon scales
rPois    +         Reflect  +   (helmet unavailable)
rElec    .         Harm     .   O - +0 cloak of Oskuasis {Int+4 Slay+2 SInv}
rCorr    .         Rampage  .   I - +0 pair of gloves "Kiceus" {*Drain rC++ SInv}
MR       +....                  j - +2 pair of boots
Stlth    ..........             D - amulet of reflection
HPRegen  0.00/turn              h - ring of poison resistance
MPRegen  0.18/turn              G - +4 ring of protection

@: no status effects
A: permanent stasis, dig shafts and tunnels, four strong arms, antennae 3,
[blurry vision 2], [clumsy 2], [dopey 2], [low mp 3], [inhibited regeneration],
[weak 2]
a: Dig, Shaft Self, Wall of Briars, Grow Ballistomycete, Overgrow, Grow Oklob,
Renounce Religion


You were on level 3 of the Abyss.
You worshipped Fedhas.
Fedhas was exalted by your worship.
You visited 5 branches of the dungeon, and saw 30 of its levels.
You visited the Abyss 1 time.
You also visited: Sewer and Gauntlet.

You collected 3438 gold pieces.
You spent 726 gold pieces at shops.

Inventory:

Hand Weapons
 r - a +9 quarterstaff of chaos
 s - a +2 lajatang of electrocution (weapon)
 u - a +0 vorpal quarterstaff
Missiles
 T - 15 curare-tipped darts (quivered)
Armour
 j - a +2 pair of boots (worn)
 q - a +1 kite shield (worn)
 H - +2 pearl dragon scales (worn)
 I - the +0 pair of gloves "Kiceus" (worn) {*Drain rC++ SInv}
   (You found it on level 5 of the Lair of Beasts)

   It greatly protects you from cold.
   It lets you see invisible.
   It causes draining when unequipped.
 O - the +0 cloak of Oskuasis (worn) {Int+4 Slay+2 SInv}
   (You found it on level 10 of the Dungeon)

   It affects your intelligence (+4).
   It affects your accuracy and damage with ranged weapons and melee attacks
   (+2).
   It lets you see invisible.
Jewellery
 h - a ring of poison resistance (left hand)
 p - an uncursed ring of flight
 t - a cursed ring of attention {unknown}
 D - an amulet of reflection (around neck)
 G - a +4 ring of protection (right hand)
 L - an uncursed ring of protection from magic
Wands
 o - a wand of flame (18)
 y - a wand of acid (27)
 A - a wand of iceblast (46)
 P - a wand of paralysis (28)
 Q - a wand of disintegration (11)
Scrolls
 a - a scroll of acquirement {unknown}
 b - 4 scrolls of amnesia
 e - 20 scrolls of remove curse
 g - 4 scrolls of magic mapping
 i - 11 scrolls of identify
 k - 7 scrolls of fog
 n - 2 scrolls of enchant armour
 C - 2 scrolls of immolation
 Y - 2 scrolls of silence
Potions
 c - 5 potions of lignification
 d - 9 potions of brilliance
 f - 12 potions of curing
 l - a potion of mutation
 m - a potion of magic
 w - 3 potions of stabbing
 z - 2 potions of flight
 J - a potion of cancellation
 R - a potion of invisibility
 S - 4 potions of ambrosia
 V - a potion of might
Miscellaneous
 x - a lightning rod (4/4)
 W - a phantom mirror


   Skills:
 * Level 12.4 Fighting
   Level 2.2(9.5) Maces & Flails
 * Level 13.9 Staves
 + Level 11.8 Armour
 * Level 6.4 Dodging
 - Level 3.1 Stealth
 + Level 11.3 Shields
 - Level 9.6 Spellcasting
 + Level 3.8 Conjurations
 + Level 5.5 Necromancy
 * Level 10.1 Transmutations
 + Level 5.2 Fire Magic
 - Level 5.7 Air Magic
 + Level 5.2 Earth Magic
 + Level 14.7 Poison Magic
 + Level 11.2 Invocations
 + Level 1.0 Evocations


You had 11 spell levels left.
You knew the following spells:

 Your Spells              Type           Power        Failure   Level
a - Sting                 Tmut/Pois      ####         1%          1
b - Poisonous Vapours     Pois/Air       #####.       1%          2
c - Ignite Poison         Fire/Tmut/Pois #####...     1%          3
d - Mephitic Cloud        Conj/Pois/Air  ####....     3%          3
e - Olgreb's Toxic Radia  Pois           ######..     1%          4
f - Dispel Undead         Necr           ####....     32%         4
h - Stone Arrow           Conj/Erth      ###...       14%         3
i - Eringya's Noxious Bo  Tmut/Pois      #####.....   28%         6

Your spell library contained the following spells:

 Spells                   Type           Power        Failure   Level
 Beastly Appendage        Tmut           #####.       1%          1
 Passwall                 Tmut/Erth      ####....     1%          2
 Wereblood                Tmut           #####...     1%          2
 Spider Form              Tmut/Pois      #####.....   1%          3
 Animate Skeleton         Necr           ####..       3%          1
 Sandblast                Erth           ###...       3%          1
 Shock                    Conj/Air       ###.         4%          1
 Corpse Rot               Necr/Air       N/A          4%          2
 Sublimation of Blood     Necr           ####......   4%          2
 Magic Dart               Conj           ###.         6%          1
 Searing Ray              Conj           ###...       10%         2
 Static Discharge         Conj/Air       ###.....     13%         3
 Petrify                  Tmut/Erth      ####....     14%         4
 Blade Hands              Tmut           #####.....   14%         5
 Airstrike                Air            ####......   30%         4
 Apportation              Tloc           #.....       32%         1
 Corona                   Hex            #......      32%         1
 Freeze                   Ice            #...         32%         1
 Summon Small Mammal      Summ           #...         32%         1
 Ice Form                 Ice/Tmut       ###.....     36%         4
 Dazzling Flash           Conj/Hex       ##....       38%         3
 Call Imp                 Summ           #.......     43%         2
 Ensorcelled Hibernation  Hex/Ice        #.....       43%         2
 Slow                     Hex            #.......     43%         2
 Hydra Form               Tmut           #####.....   58%         6
 Agony                    Necr           ####....     65%         5
 Excruciating Wounds      Necr           ####......   65%         5
 Call Canine Familiar     Summ           #.......     67%         3
 Confusing Touch          Hex            #.......     67%         3
 Gell's Gravitas          Tloc           #.........   67%         3
 Portal Projectile        Hex/Tloc       #.....       67%         3
 Summon Guardian Golem    Hex/Summ       #.......     67%         3
 Tukima's Dance           Hex            #.......     67%         3
 Summon Lightning Spire   Summ/Air       ###.....     67%         4
 Leda's Liquefaction      Hex/Erth       ###.......   71%         4
 Lee's Rapid Deconstruct  Erth           ###.......   71%         5
 Lightning Bolt           Conj/Air       ###.......   77%         5
 Fulminant Prism          Conj/Hex       ##........   80%         4
 Iskenderun's Mystic Bla  Conj/Tloc      ##......     80%         4
 Fireball                 Conj/Fire      ###.......   80%         5
 Silence                  Hex/Air        ###.......   95%         5
 Summon Ice Beast         Ice/Summ       #.......     97%         4
 Metabolic Englaciation   Hex/Ice        #.........   100%        5
 Summon Forest            Summ/Tloc      #.........   100%        5
 Conjure Ball Lightning   Conj/Air       ###.......   100%        6
 Dispersal                Tloc           #.........   100%        6
 Freezing Cloud           Conj/Ice/Air   ###.......   100%        6
 Ozocubu's Refrigeration  Ice            #.........   100%        6
 Simulacrum               Ice/Necr       ###.......   100%        6
 Starburst                Conj/Fire      ###.......   100%        6
 Summon Hydra             Summ           #.........   100%        7
 Disjunction              Tloc           #.........   100%        8
 Ignition                 Fire           ###.......   100%        8
 Tornado                  Air            ####......   100%        9
 Swiftness                Air            Unusable     N/A         2

Dungeon Overview and Level Annotations

Branches:
Dungeon (15/15)            Temple (0/1) D:6            Lair (6/6) D:10
  Swamp (4/4) Lair:4       Spider (3/4) Lair:2        Slime (0/5) Lair:5
    Orc (2/2) D:12            Elf (0/3) Orc:2        Vaults (0/5) D:14
 Depths (0/5) D:15          Sewer (visited)         Gauntlet (visited)

Altars:
Dithmenos
Fedhas
Kikubaaqudgha
Makhleb
Nemelex Xobeh
Okawaru
Qazlal
Sif Muna
Trog
Uskayaw
Vehumet
Zin
The Shining One
Jiyva

Shops:
D:5 *[!::   D:13 *   Orc:2 [(=!

Annotations:
Swamp:1 Roxanne
Spider:1 1 runed translucent door, cfbundy's ghost, adept FoFi
Spider:2 Louise


Innate Abilities, Weirdness & Mutations

You cannot be hasted, slowed, berserked, paralysed or teleported.
You can dig through walls and to a lower floor.
Your four strong arms can wield two-handed weapons with a shield.
You have a pair of large antennae on your head. (SInv)
[Scrolls take you longer to read.]
[You are very clumsy. (Dex -4)]
[You are very dopey. (Int -4)]
[Your magical capacity is extremely low. (-30% MP)]
[You do not regenerate when monsters are visible.]
[You are very weak. (Str -4)]


Message History

You block the ufetubus's attack. x2
The wretched star pulses with an eldritch light!
Your regeneration stops near monsters.
The large abomination hits you!!
* * * LOW HITPOINT WARNING * * *
Okay, then.
You feel much better. You block the ufetubus's attack. x2
The ufetubus shouts!
You slash the large abomination!
The large abomination is almost destroyed.
You kill the ufetubus!
You block the ufetubus's attack. x2; The large abomination hits you!!
* * * LOW HITPOINT WARNING * * *
The ynoxinul gestures.
You hit the large abomination but do no damage.
The large abomination is almost destroyed.
The ufetubus looks more healthy.
You block the ufetubus's attack. x2
The large abomination hits you!
You die...
Fedhas appreciates your contribution to the ecosystem.

##.###.......
# . ..
.....#. #.
##.#. ..# ..#
#.#5. ####.#
# 5###... .#
##5#..#
#3*5.# #5X###
#@## ##.#.
#.## ... .
##.. ..#
##..### .
.... { .## ##
# .# { # {


You could see a wretched star, a large abomination, a ynoxinul and 5 ufetubi.

Vanquished Creatures
  Nikola (Spider:1)
  Rupert (D:13)
  Jorgrun (Spider:2)
  Asterion (Spider:2)
  An Executioner (Abyss:3)
  Frances (Swamp:2)
  A tentacled starspawn (Abyss:3)
  An emperor scorpion (Spider:3)
  A ghost moth (Spider:3)
  2 entropy weavers
  A minotaur (Gauntlet)
  Nessos (D:13)
  2 fire dragons
  2 ogre magi (Orc:2)
  4 boulder beetles
  A yaktaur captain (D:15)
  An ice dragon (Lair:5)
  Erolcha (D:12)
  20 hydras
  2 ghost crabs (Swamp:4)
  13 two-headed ogres
  Erica (D:8)
  7 centaur warriors
  10 alligators
  A death knight (D:12)
  A queen ant (Lair:2)
  A deep troll shaman (Lair:6)
  2 tengu warriors (D:14)
  14 death yaks
  Sonja (D:12)
  A wretched star (Abyss:3)
  A fire crab (Swamp:4)
  5 skeletal warriors
  2 deep trolls (Orc:2)
  A wizard (D:13)
  An unseen horror (D:11)
  10 swamp dragons
  4 orc knights
  3 lindwurms
  A necromancer (Gauntlet)
  6 orb spiders
  A manticore (D:15)
  24 wolf spiders
  7 large abominations
  12 ugly things
  6 cyclopes
  2 moths of wrath
  2 worldbinders (Abyss:3)
  Joseph (D:9)
  5 black mambas
  2 smoke demons (Abyss:3)
  12 elephants
  A torpor snail (Spider:1)
  2 gargoyles
  24 cane toads
  Maggie (D:8)
  2 centaur skeletons
  4 freezing wraiths
  A hellion (Abyss:3)
  A kobold demonologist (D:14)
  An efreet (D:13)
  A yaktaur (D:15)
  7 demonic crawlers
  5 komodo dragons
  2 hellwings (Abyss:3)
  6 rime drakes
  A redback zombie (D:12)
  An ancient zyme (Abyss:3)
  10 trolls
  A tengu conjurer (D:14)
  3 polar bears
  6 hornets
  3 meliai (D:15)
  26 jumping spiders
  12 slime creatures
  7 blink frogs
  A hornet (shapeshifter) (D:15)
  2 tyrant leeches
  2 harpy skeletons (D:15)
  4 bog bodies
  A meliai zombie (D:15)
  4 spriggans
  15 flying skulls (Gauntlet)
  2 shadows (D:11)
  6 wraiths
  14 tarantellas
  7 wyverns
  22 redbacks
  16 humans (D:14)
  3 basilisks
  4 fire bats (Swamp:4)
  26 yaks
  11 vampire mosquitoes
  A golden eye (shapeshifter) (D:15)
  Eustachio (D:4)
  2 steam dragons
  7 wargs
  7 soldier ants
  15 insubstantial wisps
  Duvessa (D:4)
  17 swamp worms
  9 water moccasins
  Purgy (Sewer)
  8 ice beasts
  A sky beast (D:13)
  11 swamp drakes
  A black bear (shapeshifter) (D:9)
  17 orc warriors
  7 black bears
  23 wolves
  16 centaurs
  A necrophage (D:11)
  2 phantoms
  23 ogres
  2 big kobolds
  8 small abominations
  20 bullfrogs
  2 wyvern zombies
  An earth elemental (Abyss:3)
  Dowan (D:4)
  5 scorpions
  6 killer bees
  4 wights
  4 howler monkeys
  4 electric eels
  A lava snake (Swamp:4)
  7 centaur zombies
  A bullfrog zombie (D:7)
  6 jellies
  A bullfrog skeleton (D:11)
  24 orc priests
  Crazy Yiuf (D:4)
  6 hounds
  28 orc wizards
  Natasha (thrice) (D:4)
  8 iguanas
  6 hell rats (Lair:4)
  34 worker ants
  A killer bee zombie (D:6)
  2 worker ant zombies
  17 adders
  3 gnolls (D:4)
  A shadow imp (D:5)
  3 white imps
  An ooze (D:3)
  An adder zombie (D:5)
  2 dart slugs
  4 worms
  5 leopard geckos
  84 orcs
  12 bats
  3 giant cockroaches
  7 goblins
  9 hobgoblins
  7 jackals
  5 quokkas
  4 frilled lizards
  A jackal skeleton (D:8)
  14 kobolds
  A leopard gecko skeleton (D:8)
  A leopard gecko zombie (D:5)
  A quokka zombie (D:9)
  4 rats
1021 creatures vanquished.

Vanquished Creatures (collateral kills)
  A ghost moth (Swamp:4)
  A fire dragon (Swamp:3)
  A hydra (Lair:5)
  4 cane toads
  2 water moccasins (Lair:1)
  2 swamp drakes (Swamp:4)
  24 ballistomycete spores
35 creatures vanquished.

Vanquished Creatures (others)
  A thorn hunter (Swamp:4)
  A hydra (D:14)
  A shambling mangrove (Swamp:4)
  An alligator (Swamp:2)
  A spriggan druid (Swamp:3)
  A cane toad (Swamp:1)
  3 hornets (Swamp:4)
  A jumping spider (Spider:1)
  4 tyrant leeches
  2 slime creatures
  2 bog bodies
  A tarantella (Spider:2)
  3 redbacks
  4 vampire mosquitoes (Swamp:2)
  A steam dragon (Swamp:4)
  4 insubstantial wisps (Swamp:2)
  7 swamp drakes
  A ballistomycete spore (Lair:6)
  A briar patch (Swamp:4)
  A fire vortex (Swamp:4)
  49 fungi
  A lurking horror (Abyss:3)
  78 plants
  6 starspawn tentacles (Abyss:3)
175 creatures vanquished.

Grand Total: 1231 creatures vanquished

Notes
Turn   | Place    | Note
-------+----------+-------------------------------------------
     0 | D:1      | marklar909 the Formicid Venom Mage began the quest for the
                  | Orb.
     0 | D:1      | Reached XP level 1. HP: 13/13 MP: 3/3
   215 | D:1      | Reached XP level 2. HP: 19/19 MP: 0/5
  1168 | D:2      | Found a blossoming altar of Fedhas.
  1193 | D:2      | Reached XP level 3. HP: 11/24 MP: 1/7
  1217 | D:2      | Became a worshipper of Fedhas Madash
  1704 | D:2      | Learned a level 2 spell: Poisonous Vapours
  1708 | D:2      | Learned a level 3 spell: Ignite Poison
  2065 | D:2      | Reached XP level 4. HP: 12/30 MP: 1/8
  2245 | D:2      | Reached skill level 5 in Poison Magic
  2467 | D:2      | You fall into a shaft and drop 1 floor!
  2913 | D:3      | Reached * piety under Fedhas
  3066 | D:3      | Reached skill level 1 in Fighting
  3076 | D:3      | Learned a level 3 spell: Mephitic Cloud
  3140 | D:3      | Reached XP level 5. HP: 37/37 MP: 6/9
  3258 | D:3      | Found a sparkling altar of Nemelex Xobeh.
  3407 | D:4      | Found a glowing drain.
  3407 | D:4      | Noticed Eustachio
  3418 | D:4      | Killed Eustachio
  3418 | D:4      | Reached skill level 1 in Maces & Flails
  3418 | D:4      | Reached skill level 1 in Fire Magic
  3418 | D:4      | Reached XP level 6. HP: 38/44 MP: 1/11
  3496 | Sewer    | Entered a sewer
  3620 | Sewer    | Noticed Purgy
  3637 | Sewer    | Killed Purgy
  3637 | Sewer    | Reached skill level 1 in Air Magic
  3880 | D:4      | Noticed Natasha
  3886 | D:4      | Killed Natasha
  3886 | D:4      | Reached XP level 7. HP: 50/50 MP: 5/12
  3964 | D:4      | Noticed Natasha
  3981 | D:4      | Killed Natasha
  4234 | D:4      | Noticed Dowan
  4247 | D:4      | Killed Dowan
  4471 | D:4      | Noticed Natasha
  4511 | D:4      | Killed Natasha
  4920 | D:4      | Found a runed translucent door.
  4921 | D:4      | Noticed Crazy Yiuf
  4942 | D:4      | Noticed Duvessa
  5199 | D:4      | Killed Duvessa
  5679 | D:4      | Killed Crazy Yiuf
  5679 | D:4      | Reached XP level 8. HP: 49/57 MP: 4/13
  5803 | D:5      | Entered Level 5 of the Dungeon
  5871 | D:5      | Reached skill level 1 in Conjurations
  5939 | D:5      | Found a shadowy altar of Dithmenos.
  6165 | D:5      | Found a glowing silver altar of Zin.
  6193 | D:5      | Found Higueb's Book Shoppe.
  6245 | D:5      | Found Dubror Zit's Book Boutique.
  6267 | D:5      | Reached ** piety under Fedhas
  6345 | D:5      | Reached skill level 6 in Poison Magic
  6435 | D:5      | Learned a level 4 spell: Olgreb's Toxic Radiance
  6473 | D:5      | Reached skill level 1 in Staves
  6841 | D:5      | Found Wisizaoz's Distillery.
  6868 | D:5      | Found Teum Saj's General Store.
  6881 | D:5      | Found Gumitziy's Armour Shoppe.
  7609 | D:6      | Found a bloodstained altar of Trog.
  7659 | D:6      | Reached XP level 9. HP: 51/64 MP: 15/15
  7750 | D:6      | Reached skill level 1 in Invocations
  8107 | D:6      | Found a stormy altar of Qazlal.
  8115 | D:6      | Found a staircase to the Ecumenical Temple.
  8499 | D:6      | Found a hide-covered altar of Uskayaw.
  8510 | D:6      | Reached skill level 7 in Poison Magic
  8871 | D:7      | Found a glowing golden altar of the Shining One.
  8910 | D:7      | Reached *** piety under Fedhas
  9551 | D:7      | Found a shimmering blue altar of Sif Muna.
  9561 | D:7      | Found an ancient bone altar of Kikubaaqudgha.
  9595 | D:7      | Found a radiant altar of Vehumet.
  9630 | D:8      | Noticed Erica
  9638 | D:8      | Killed Erica
  9638 | D:8      | Reached skill level 5 in Fighting
  9638 | D:8      | Reached skill level 8 in Poison Magic
  9638 | D:8      | Reached XP level 10. HP: 42/74 MP: 12/16
  9642 | D:8      | Reached skill level 5 in Armour
  9853 | D:8      | Reached **** piety under Fedhas
 10001 | D:8      | Noticed Maggie
 10007 | D:8      | Killed Maggie
 10017 | D:8      | Reached skill level 1 in Shields
 10176 | D:8      | Found an iron altar of Okawaru.
 11236 | D:5      | Bought a +0 pair of boots for 49 gold pieces
 11351 | D:9      | Reached skill level 5 in Invocations
 11363 | D:9      | Reached ***** piety under Fedhas
 11435 | D:9      | Reached skill level 5 in Staves
 11548 | D:9      | Reached skill level 9 in Poison Magic
 11675 | D:9      | Noticed Joseph
 11688 | D:9      | Killed Joseph
 11688 | D:9      | Reached XP level 11. HP: 70/80 MP: 7/17
 12294 | D:10     | Entered Level 10 of the Dungeon
 12630 | D:10     | Noticed a two-headed ogre
 12643 | D:10     | Killed a two-headed ogre
 12986 | D:10     | Found a staircase to the Lair.
 13582 | D:10     | Got a slimy cloak
 13583 | D:10     | Identified the +0 cloak of Oskuasis {Int+4 Slay+2 SInv}
                  | (You found it on level 10 of the Dungeon)
 13664 | D:11     | Noticed a cyclops
 13670 | D:11     | Killed a cyclops
 14170 | D:11     | Noticed an unseen horror
 14176 | D:11     | Killed an unseen horror
 14176 | D:11     | Reached skill level 10 in Poison Magic
 14534 | D:11     | Reached XP level 12. HP: 85/89 MP: 18/18
 14894 | D:12     | Reached skill level 5 in Shields
 15150 | D:12     | Learned a level 4 spell: Dispel Undead
 15230 | D:12     | Noticed Sonja
 15232 | D:12     | Killed Sonja
 15410 | D:12     | Found a staircase to the Orcish Mines.
 15413 | D:12     | Noticed Erolcha
 15421 | D:12     | Killed Erolcha
 15933 | D:12     | Noticed a two-headed ogre
 15989 | D:12     | Killed a two-headed ogre
 15989 | D:12     | Reached skill level 1 in Necromancy
 16336 | Lair:1   | Entered Level 1 of the Lair of Beasts
 16904 | Lair:1   | Found the +0 mask of the Dragon {MR+ Slay+3 SInv}
 17032 | Lair:1   | Noticed an eight-headed hydra
 17073 | Lair:1   | HP: 3/91 [eight-headed hydra (11)]
 17201 | Lair:1   | HP: 3/91 [eight-headed hydra (6)]
 17236 | Lair:1   | Killed an eight-headed hydra
 17350 | Lair:1   | Reached skill level 5 in Transmutations
 17350 | Lair:1   | Reached skill level 11 in Poison Magic
 17835 | Lair:2   | Noticed a seven-headed hydra
 17870 | Lair:2   | Killed a seven-headed hydra
 17965 | Lair:2   | Reached XP level 13. HP: 70/96 MP: 19/19
 18903 | Lair:2   | Found a hole to the Spider Nest.
 19258 | Lair:2   | Reached skill level 5 in Air Magic
 21224 | Lair:3   | Learned a level 2 spell: Searing Ray
 22075 | Lair:4   | Noticed a four-headed hydra
 22100 | Lair:4   | Killed a four-headed hydra
 22369 | Lair:4   | Reached XP level 14. HP: 102/105 MP: 12/21
 22369 | Lair:4   | Reached skill level 12 in Poison Magic
 22606 | Lair:4   | Learned a level 1 spell: Magic Dart
 22739 | Lair:4   | Found a staircase to the Swamp.
 23100 | Lair:5   | Reached skill level 5 in Spellcasting
 23262 | Lair:5   | Reached skill level 10 in Staves
 23786 | Lair:5   | Found a staircase to the Slime Pits.
 23786 | Lair:5   | Found a viscous altar of Jiyva.
 24173 | Lair:5   | Got a pair of heavily runed gloves
 24184 | Lair:5   | Identified the cursed +0 pair of gloves "Kiceus" {*Drain
                  | rC++ SInv} (You found it on level 5 of the Lair of Beasts)
 24189 | Lair:5   | Learned a level 3 spell: Dazzling Flash
 24852 | Lair:6   | Entered Level 6 of the Lair of Beasts
 25846 | Lair:6   | Reached skill level 5 in Necromancy
 26083 | Lair:6   | Reached skill level 10 in Invocations
 26134 | Lair:6   | Reached XP level 15. HP: 95/112 MP: 7/23
 27506 | Orc:1    | Entered Level 1 of the Orcish Mines
 27506 | Orc:1    | Found a burning altar of Makhleb.
 27516 | Orc:1    | Reached ****** piety under Fedhas
 28410 | Orc:2    | Entered Level 2 of the Orcish Mines
 28551 | Orc:2    | Found a staircase to the Elven Halls.
 29090 | Orc:2    | Found Ogrer's Jewellery Emporium.
 29365 | Orc:2    | Reached skill level 13 in Poison Magic
 29663 | Orc:2    | Found Ivvusk's Antique Armour Shop.
 29704 | Orc:2    | Found Luxil's Distillery.
 29729 | Orc:2    | Found Jiub's Weapon Emporium.
 29862 | Orc:2    | Bought a pair of embroidered gloves for 172 gold pieces
 30272 | Orc:2    | Bought a potion of curing for 48 gold pieces
 30272 | Orc:2    | Bought a potion of heal wounds for 80 gold pieces
 30590 | D:5      | Bought a book of Geomancy for 350 gold pieces
 30594 | D:5      | Learned a level 1 spell: Sandblast
 30598 | D:5      | Learned a level 3 spell: Stone Arrow
 30958 | D:13     | Found Xeucveyjao's Assorted Antiques.
 30958 | D:13     | Noticed Nessos
 31441 | D:13     | Reached skill level 1 in Earth Magic
 32147 | D:12     | Reached XP level 16. HP: 77/121 MP: 11/27
 33270 | D:13     | Reached skill level 10 in Fighting
 33353 | D:13     | Bought a metallic puce potion for 27 gold pieces
 33403 | D:13     | Killed Nessos
 33653 | D:13     | Identified the Handbook of Frigorific Weightlessness
 33702 | D:14     | Found a gate to the Vaults.
 33702 | D:14     | Noticed Rupert
 33714 | D:13     | Killed Rupert
 34082 | D:14     | Found a gate leading to a gauntlet.
 34122 | Gauntlet | Entered a Gauntlet
 34122 | Gauntlet | Found a transporter.
 34122 | Gauntlet | Found a transporter.
 34122 | Gauntlet | Found a transporter.
 34123 | Gauntlet | Found a transporter.
 34124 | Gauntlet | Found a transporter.
 34125 | Gauntlet | Found a large runed translucent door.
 34126 | Gauntlet | Found a large runed translucent door.
 34127 | Gauntlet | Found a large runed translucent door.
 34127 | Gauntlet | Found a large runed translucent door.
 34127 | Gauntlet | Found a runed translucent door.
 34127 | Gauntlet | Found a transporter.
 34127 | Gauntlet | Found a runed translucent door.
 34128 | Gauntlet | Found a large runed translucent door.
 34129 | Gauntlet | Found a large runed translucent door.
 34130 | Gauntlet | Found a large runed translucent door.
 34130 | Gauntlet | Found a large runed translucent door.
 34131 | Gauntlet | Found a runed translucent gate.
 34131 | Gauntlet | Found a runed translucent gate.
 34131 | Gauntlet | Found a runed translucent gate.
 34133 | Gauntlet | Found a transporter.
 34135 | Gauntlet | Found a transporter.
 34136 | Gauntlet | Found a transporter.
 34138 | Gauntlet | Found a transporter.
 34146 | Gauntlet | Found a transporter.
 34146 | Gauntlet | Found a transporter.
 34228 | Gauntlet | Found a large runed translucent door.
 34229 | Gauntlet | Found a large runed translucent door.
 34230 | Gauntlet | Found a large runed translucent door.
 34230 | Gauntlet | Found a large runed translucent door.
 34231 | Gauntlet | Found a large runed translucent door.
 34232 | Gauntlet | Found a large runed translucent door.
 34233 | Gauntlet | Found a large runed translucent door.
 34233 | Gauntlet | Found a large runed translucent door.
 34468 | Gauntlet | Reached skill level 10 in Armour
 34654 | Gauntlet | Got a pair of faintly humming gloves
 34662 | Gauntlet | Identified the Almanac of the Mind
 34793 | D:14     | Identified the +2 pair of gloves of Supple Strength {+Inv
                  | rElec MR++ Dex-3} (You found it in a Gauntlet)
 35666 | D:15     | Entered Level 15 of the Dungeon
 36195 | D:15     | Found a staircase to the Depths.
 36480 | D:15     | Reached XP level 17. HP: 130/130 MP: 8/29
 36732 | D:15     | Reached skill level 5 in Earth Magic
 37127 | D:13     | Learned a level 6 spell: Eringya's Noxious Bog
 37884 | Swamp:1  | Entered Level 1 of the Swamp
 39138 | Swamp:1  | Noticed Roxanne
 39595 | Swamp:2  | Noticed a thorn hunter
 40480 | Swamp:2  | Noticed Frances
 40495 | Swamp:2  | Killed Frances
 42405 | Swamp:3  | Reached skill level 14 in Poison Magic
 42578 | Swamp:3  | Reached skill level 5 in Fire Magic
 43024 | Swamp:4  | Entered Level 4 of the Swamp
 43226 | Swamp:4  | Reached skill level 5 in Dodging
 43239 | Swamp:4  | Killed a thorn hunter
 43307 | Swamp:3  | Reached skill level 10 in Shields
 43330 | Swamp:3  | Reached skill level 1 in Evocations
 44158 | Swamp:4  | Reached XP level 18. HP: 111/138 MP: 8/31
 46189 | Spider:1 | Entered Level 1 of the Spider Nest
 46479 | Spider:1 | Noticed Nikola
 46500 | Spider:1 | HP: 4/138 [Nikola/chain lightning (19)]
 46502 | Spider:1 | Killed Nikola
 47144 | Spider:1 | Found a runed translucent door.
 47146 | Spider:1 | Noticed cfbundy's ghost (adept FoFi)
 47625 | Spider:2 | Noticed Asterion
 47643 | Spider:2 | Killed Asterion
 48097 | Spider:2 | You fall into a shaft and drop 1 floor!
 49882 | Spider:2 | Noticed Jorgrun
 49895 | Spider:2 | Killed Jorgrun
 49902 | Spider:2 | Identified the +7 tower shield of Wuzum {+Blink Regen+
                  | Slay+4}
 49902 | Spider:2 | Noticed Louise
 49916 | Spider:2 | Cast into level 3 of the Abyss (Louise)
 49980 | Abyss:3  | Noticed an Executioner
 49995 | Abyss:3  | Killed an Executioner
 49995 | Abyss:3  | Reached skill level 10 in Transmutations
 49995 | Abyss:3  | Reached XP level 19. HP: 108/146 MP: 11/32
 50055 | Abyss:3  | Found a corrupted altar of Lugonu.
 50163 | Abyss:3  | Found a corrupted altar of Lugonu.
 50235 | Abyss:3  | Noticed a lich
 50305 | Abyss:3  | Mangled by a large abomination

Illustrated notes

Levels and vault maps discovered:
D:1:      lightli_arrival_windingriver, layout_basic, serial_bayou_ford_a
D:2:      layout_basic, lemuel_round_altar
D:3:      layout_rooms, marbit_many_paths, minmay_checkerbox
D:4:      layout_loops_corners, cheibrodos_sewer_entry_bend, uniq_duvessa,
          uniq_eustachio, uniq_natasha, uniq_crazy_yiuf_cottage
D:5:      layout_loops_ring, kennysheep_mini_moat, serial_shops,
          nicolae_shop_crystal, nicolae_shop_trees, kennysheep_little_box,
          kennysheep_mini, shop, corner_web_ring,
          grunt_dithmenos_smoke_and_mirrors
D:6:      layout_loops_ring, overflow_temple_1_default,
          lemuel_coloured_pillars_altar, lemuel_crystal_altar,
          minmay_temple_entry_mist
D:7:      layout_rooms, palyth_temple_overflow_mages,
          nicolae_tso_carved_into_rock
D:8:      layout_loops_ring, lemuel_round_altar, uniq_erica, uniq_maggie
D:9:      layout_rooms, kennysheep_small_circle, uniq_joseph
D:10:     layout_small_grid, lair_entry_dummy, mrwooster_statue_mirror,
          minmay_starry_boxes
D:11:     layout_roguey
D:12:     layout_basic, david_orc_2, chequers_serial_rivers_micro_c,
          corexii_hall_statues_deadend, uniq_erolcha, uniq_sonja
D:13:     layout_cave_pools, serial_shops, nicolae_shop_overgrown_old_shop,
          laboratory, uniq_nessos
D:14:     layout_loops_ring, david_vaults_3, gauntlet_entry_generic,
          minmay_misc_feat_diagonals, lightli_minifort
D:15:     grunt_enter_depths_snipers, layout_irregular_city, grunt_decor_clamped
Lair:1:   layout_roguey, beast_lair_carwin_5, grunt_megastairs_2
Lair:2:   layout_loops_ring, nicolae_spider_entry_tight_spaces,
          minmay_another_anthill
Lair:3:   layout_cave_pods, fungi_pond_lemuel, minivault_23,
          minmay_lair_oklob_chamber
Lair:4:   layout_cave_shapes, minmay_swamp_entry_worms, grunt_megastairs_3
Lair:5:   layout_layer_cave, slime_altar_1,
          portal_ice_cave_entry_animals_and_master,
          grunt_forest_large_clearing_hut
Lair:6:   grunt_lair_end_beastmaster, layout_big_grid
Swamp:1:  layout_falls_marsh, nicolae_swamp_trees_clearing, swamp_pool5,
          uniq_roxanne
Swamp:2:  layout_falls_marsh, serial_swamp_ruin, evilmike_swamp_ruin_house_5,
          evilmike_swamp_ruin_rubble_2, uniq_frances
Swamp:3:  layout_basic_swamp, hangedman_swamp_ruin_hall
Swamp:4:  swamp_fiery, layout_basic_swamp
Spider:1: layout_spider_delve, ebering_ghost_reflecting_pool, uniq_nikola
Spider:2: layout_spider_delve, drop_trap, uniq_jorgrun, uniq_asterion,
          uniq_louise
Spider:3: layout_spider_delve
Orc:1:    cheibrodos_orc_guarddog, layout_diamond_mine, bloody_makhleb
Orc:2:    st_orc_open, layout_caves
Abyss:3:  base: IceCv, evilmike_abyss_exit_glass,
          onia_ninara_dug_in_and_dangerous,
          evilmike_abyss_rune_elephants_shrine,
          grunt_abyss_rune_forest_and_sorcery

Skill      XL: |  1  2  3  4  5  6  7  8  9 10 11 12 13 14 15 16 17 18 |
---------------+-------------------------------------------------------+-----
Spellcasting   | 3 4 5 7 8 9 |  9.6
Poison Magic   | 5 6 8 9 10 11 12 13 14 | 14.7
Dodging        | 2 3 4 5 6 |  6.4
Fighting       | 1 2 3 5 6 7 8 9 10 11 12 | 12.4
Transmutations | 2 3 4 5 6 7 8 10 | 10.1
Maces & Flails | 1 2 |  2.2
Armour         | 2 3 4 5 6 7 8 9 10 11 | 11.8
Fire Magic     | 1 2 3 4 5 |  5.2
Air Magic      | 1 2 3 4 5 |  5.7
Conjurations   | 2 3 |  3.8
Staves         | 2 4 5 6 8 9 10 11 12 13 | 13.9
Invocations    | 3 5 6 7 8 10 11 | 11.2
Shields        | 2 4 6 7 8 9 10 11 | 11.3
Stealth        | 3 |  3.1
Necromancy     | 2 4 5 |  5.5
Earth Magic    | 1 4 5 |  5.2
Evocations     | 1 |  1.0

Action                   |  1- 3 |  4- 6 |  7- 9 | 10-12 | 13-15 | 16-18 | 19-21 || total
-------------------------+-------+-------+-------+-------+-------+-------+-------++-------
Melee: Unarmed           |     5 |       |       |       |       |       |       ||     5
       Mace              |    23 |    51 |    26 |       |       |       |       ||   100
       Quarterstaff      |       |       |   116 |   279 |   488 |   890 |       ||  1773
       Lajatang          |       |       |       |       |       |    37 |    73 ||   110
Throw: Dart              |       |       |       |     2 |       |     1 |       ||     3
 Cast: Sting             |    70 |    63 |    92 |    49 |   102 |    20 |       ||   396
       Poisonous Vapours |       |     7 |    69 |    70 |   100 |   115 |       ||   361
       Mephitic Cloud    |       |       |    11 |    43 |    34 |    68 |       ||   156
       Olgreb's Toxic Ra |       |       |    10 |    32 |    77 |    51 |     1 ||   171
       Ignite Poison     |       |       |     5 |    37 |    61 |    77 |       ||   180
       Searing Ray       |       |       |       |       |     8 |       |       ||     8
       Magic Dart        |       |       |       |       |     3 |       |       ||     3
       Stone Arrow       |       |       |       |       |    11 |    55 |       ||    66
       Dispel Undead     |       |       |       |       |     7 |     2 |       ||     9
       Eringya's Noxious |       |       |       |       |       |    15 |       ||    15
Invok: Grow Ballistomyce |       |       |       |     5 |     2 |     3 |       ||    10
       Wall of Briars    |       |       |       |     3 |     2 |     5 |       ||    10
       Overgrow          |       |       |       |     1 |       |       |       ||     1
       Grow Oklob        |       |       |       |       |     1 |       |       ||     1
 Abil: Dig               |       |       |       |       |       |     2 |       ||     2
Evoke: Wand              |       |       |       |     2 |     4 |     6 |       ||    12
       Phantom mirror    |       |       |       |       |       |     1 |       ||     1
  Use: Scroll            |     3 |     2 |     7 |    13 |    22 |    10 |       ||    57
       Potion            |       |       |     2 |       |       |     9 |     3 ||    14
 Stab: Sleeping          |       |       |       |     5 |     1 |       |       ||     6
       Confused          |       |       |       |     4 |     5 |    10 |       ||    19
       Paralysed         |       |       |       |     3 |    17 |    12 |       ||    32
       Petrifying        |       |       |       |       |       |     2 |       ||     2
Armor: Robe              |    13 |     1 |       |       |       |       |       ||    14
       Leather armour    |       |    30 |    28 |     6 |       |       |       ||    64
       Skin              |       |       |     9 |       |       |       |       ||     9
       Acid dragon scale |       |       |       |    81 |       |       |       ||    81
       Ring mail         |       |       |       |    56 |   184 |   184 |       ||   424
       Swamp dragon scal |       |       |       |       |       |   100 |       ||   100
       Pearl dragon scal |       |       |       |       |       |   152 |    35 ||   187
Dodge: Dodged            |    37 |    91 |   102 |   203 |   265 |   380 |    28 ||  1106
Block: Buckler           |       |       |       |    70 |   105 |       |       ||   175
       Kite shield       |       |       |       |       |   215 |  1009 |    64 ||  1288
       Reflection        |       |       |       |       |    37 |    27 |     1 ||    65

Table legend: (Time is in decaauts)
 A = Elapsed time spent in this place.
 B = Non-inter-level travel time spent in this place.
 C = Inter-level travel time spent in this place.
 D = Time resting spent in this place.
 E = Time spent auto-exploring this place.
 F = Levels seen in this place.
 G = Mean time per level.
                   A        B        C        D        E       F      G
               +--------+--------+--------+--------+--------+-----+--------+
         Total |  50382 |  46461 |   3921 |   8620 |  29439 |  33 | 1526.7 |
       Dungeon |  23279 |  21209 |   2070 |   2923 |  14336 |  15 | 1551.9 |
          Lair |  11444 |  10467 |    977 |   2017 |   6777 |   6 | 1907.3 |
         Swamp |   8180 |   7714 |    466 |   2315 |   4173 |   4 | 2045.0 |
   Spider Nest |   3401 |   3212 |    189 |    444 |   2287 |   3 | 1133.7 |
  Orcish Mines |   2722 |   2505 |    217 |    704 |   1309 |   2 | 1361.0 |
         Abyss |    364 |    364 |      0 |    114 |     34 |   1 |  364.0 |
         Sewer |    338 |    338 |      0 |      0 |    263 |   1 |  338.0 |
      Gauntlet |    651 |    651 |      0 |    103 |    259 |   1 |  651.0 |
               +--------+--------+--------+--------+--------+-----+--------+

Top non-repeatable levels by time:
    D:12: 3264 daAuts
 Swamp:3: 2807 daAuts
  Lair:2: 2288 daAuts
  Lair:6: 2234 daAuts
  Lair:5: 2199 daAuts
     D:4: 2097 daAuts
 Swamp:2: 1934 daAuts
 Swamp:1: 1813 daAuts
    D:14: 1811 daAuts
    D:10: 1708 daAuts
  Lair:4: 1631 daAuts
 Swamp:4: 1625 daAuts
  Lair:3: 1620 daAuts
Spider:3: 1611 daAuts
     D:6: 1605 daAuts
